 Dungeon Crawl Stone Soup version 0.27.1-4-g1640c2035a (webtiles) character file.

Game seed: 16988975352537378885

773 Elvor the Conjurer (level 7, -11/58 HPs)
             Began as a Green Draconian Conjurer on Nov 5, 2021.
             Was an Initiate of the Shining One.
             Mangled by a yak (12 damage)
             ... on level 5 of the Dungeon.
             The game lasted 00:31:53 (3504 turns).

Elvor the Conjurer (Green Draconian Conjurer)       Turns: 3504, Time: 00:31:54

Health: -11/58     AC:  7    Str: 10    XL:     7   Next: 53%
Magic:  7/13       EV: 12    Int: 20    God:    the Shining One [......]
Gold:   177        SH:  0    Dex:  9    Spells: 11/14 levels left

rFire    . . .     SeeInvis .   d - +0 short sword
rCold    . . .     Faith    .   (no shield)
rNeg     . . .     Spirit   .   (armour unavailable)
rPois    +         Reflect  .   (helmet restricted)
rElec    .         Harm     .   n - +0 cloak
rCorr    .         Rampage  .   (no gloves)
Will     .....                  (no boots)
Stlth    +.........             (no amulet)
HPRegen  0.19/turn              q - ring of flight
MPRegen  0.13/turn              (no ring)

@: about to teleport, short of breath, flying, glowing
A: breathe noxious fumes, AC +6, unfitting armour, poison resistance,
cold-blooded
a: Breathe Noxious Fumes, Renounce Religion


You were on level 5 of the Dungeon.
You worshipped the Shining One.
The Shining One was noncommittal.
You visited 2 branches of the dungeon, and saw 6 of its levels.

You collected 177 gold pieces.

Inventory:

Hand Weapons
 d - a +0 short sword (weapon)
Missiles
 c - 94 stones
 u - 7 atropa-tipped darts
Armour
 n - a +0 cloak (worn)
 w - a +0 kite shield
Jewellery
 q - a ring of flight (left hand)
Wands
 s - a wand of digging (2)
 t - a wand of iceblast (4)
Scrolls
 a - a scroll of torment {unknown}
 b - a scroll of immolation {unknown}
 g - 3 scrolls of identify
 i - 2 scrolls of teleportation
 k - 4 scrolls of amnesia
 m - a scroll of blinking {unknown}
 v - a scroll of enchant weapon {unknown}
Potions
 e - 2 potions of haste {unknown}
 f - a potion of brilliance {unknown}
 h - a potion of degeneration {unknown}
 j - a potion of heal wounds {unknown}
 l - a potion of lignification {unknown}
 o - a potion of attraction {unknown}
 p - a potion of curing {unknown}
 r - 2 potions of invisibility {unknown}


   Skills:
 * Level 3.9 Fighting
 + Level 1.1 Short Blades
 + Level 2.9 Dodging
 + Level 2.9 Stealth
 + Level 4.0 Spellcasting
 + Level 6.4 Conjurations


You had 11 spell levels left.
You knew the following spells:

 Your Spells              Type           Power      Damage    Failure   Level
a - Magic Dart            Conj           100%       1d8       1%          1
b - Searing Ray           Conj           58%        3d5       1%          2

Your spell library contained the following spells:

 Spells                   Type           Power      Damage    Failure   Level
 Dazzling Flash           Conj/Hex       32%        N/A       11%         3
 Fulminant Prism          Conj/Hex       8%         3d7       34%         4
 Iskenderun's Mystic Bla  Conj/Tloc      16%        2d5       34%         4


Dungeon Overview and Level Annotations

Branches:
Dungeon (5/15)             Temple (1/1) D:5

Altars:
Ashenzari
Dithmenos
Elyvilon
Fedhas
Gozag
Kikubaaqudgha
Okawaru
Qazlal
Ru
Sif Muna
Trog
Vehumet
Xom
Yredelemnul
Zin
The Shining One

Shops:
D:1 *


Innate Abilities, Weirdness & Mutations

You can breathe blasts of noxious fumes.
Your lurid green scales are hard. (AC +6)
You cannot fit into any form of body armour.
Your system is resistant to poisons. (rPois)
You are cold-blooded and may be slowed by cold attacks.


Message History

Aiming: Searing Ray (safe; 1% risk of failure)
Press: ? - help, Q - select action, (/) - cycle Shift-Dir - straight line, f - yak, p - yak
Aim: a yak (87% to hit)
The searing ray misses the yak. (Press . to maintain the ray.)
The yak is engulfed in noxious fumes. x2; The yak appears confused.
The yak gores you! The yak barely misses you.
The searing ray hits the yak.
The yak is lightly wounded.
A yak comes into view.
The yak is engulfed in noxious fumes.
The yak gores the yak.
The yak is engulfed in noxious fumes.
The yak appears confused.
The yak gores you. The yak gores you.
The yak is engulfed in noxious fumes.
The yak appears confused.
The yak gores the yak!
Okay, then.
As you read the scroll labelled JEOCVOBBOGIU, it crumbles to dust.
It is a scroll of identify.
k - 4 scrolls of amnesia The yak gores you!
The yak closely misses you.
The yak is engulfed in noxious fumes.
The yak appears confused.
The yak misses you. x2
As you read the scroll labelled YTEALI HYELOHU, it crumbles to dust.
You feel strangely unstable.
It was a scroll of teleportation.
The yak barely misses you. x2; The yak gores the yak.
The yak gores the yak!
The yak gores itself but does no damage.
The yak gores you!
* * * LOW HITPOINT WARNING * * *
Aiming: Searing Ray (safe; 1% risk of failure)
Press: ? - help, Q - select action, (/) - cycle Shift-Dir - straight line, f/p - yak
Aim: a yak (lightly wounded, 87% to hit)
The searing ray hits the yak.
The yak is moderately wounded. (Press . to maintain the ray.)
The yak closely misses you. The yak gores you!
* * * LOW HITPOINT WARNING * * *
The yak gores you. The Shining One protects you from harm!
The searing ray misses the yak.
The yak closely misses you. The yak gores you!
You die...

## #.. ########
..#...#....Y.#
#.?....Y####.#
#.....YY@Y.#.#
.......Y##.#.#
#.#.....##.#Y## .
#....Y......#
......#.###..#
########. #..#
#.###..#
###......#
...####.##########


You could see 6 yaks.

Vanquished Creatures
  Sigmund (D:2)
  Menkaure (D:5)
  A black bear (D:4)
  An ogre (D:4)
  Ijyb (D:3)
  Terence (D:3)
  2 iguanas
  3 orc wizards (D:3)
  5 adders
  An ufetubus (D:4)
  An adder skeleton (D:4)
  6 dart slugs
  12 orcs
  7 ball pythons
  2 bats (D:3)
  6 endoplasms
  2 giant cockroaches
  5 goblins
  9 hobgoblins
  A jackal (D:1)
  3 quokkas
  4 frilled lizards
  4 kobolds
  5 rats
84 creatures vanquished.

Vanquished Creatures (others)
  7 plants (D:2)
7 creatures vanquished.

Grand Total: 91 creatures vanquished

Notes
Turn   | Place    | Note
-------+----------+-------------------------------------------
     0 | D:1      | Elvor the Draconian Conjurer began the quest for the Orb.
     0 | D:1      | Reached XP level 1. HP: 14/14 MP: 3/3
   179 | D:1      | Found Biton's Assorted Antiques.
   221 | D:1      | Reached XP level 2. HP: 22/22 MP: 3/5
   224 | D:1      | Learned a level 2 spell: Searing Ray
   225 | D:1      | Reached skill level 1 in Fighting
  1023 | D:2      | Reached XP level 3. HP: 28/28 MP: 3/6
  1201 | D:2      | Noticed Sigmund
  1219 | D:2      | Killed Sigmund
  1220 | D:2      | Reached skill level 5 in Conjurations
  1220 | D:2      | Reached XP level 4. HP: 11/36 MP: 0/8
  1220 | D:2      | Reached XP level 5. HP: 13/41 MP: 0/9
  1401 | D:3      | Noticed Terence
  1518 | D:3      | Killed Terence
  1693 | D:3      | Reached XP level 6. HP: 50/50 MP: 4/10
  2105 | D:3      | Found a faded altar of an unknown god.
  2147 | D:3      | Noticed Ijyb
  2153 | D:3      | Killed Ijyb
  2799 | D:4      | Reached skill level 6 in Conjurations
  2903 | D:4      | Reached skill level 1 in Short Blades
  2903 | D:4      | Your scales start taking on a lurid green colour.
  2903 | D:4      | Reached XP level 7. HP: 33/57 MP: 2/12
  2903 | D:4      | Gained mutation: Your system is resistant to poisons.
                  | (rPois) [Green Draconian growth]
  3102 | D:5      | Entered Level 5 of the Dungeon
  3131 | D:5      | Noticed Menkaure
  3134 | D:5      | Killed Menkaure
  3270 | D:5      | Noticed a hornet
  3295 | D:5      | Found a staircase to the Ecumenical Temple.
  3310 | Temple   | Entered the Ecumenical Temple
  3322 | Temple   | Became a worshipper of the Shining One
  3484 | D:5      | Noticed a yak
  3485 | D:5      | Noticed a yak
  3493 | D:5      | Noticed a yak
  3493 | D:5      | Noticed a yak
  3494 | D:5      | Noticed a yak
  3499 | D:5      | Noticed a yak
  3503 | D:5      | HP: 1/58 [yak (11)]
  3503 | D:5      | The Shining One protects you from harm!
  3504 | D:5      | Mangled by a yak

Illustrated notes

Levels and vault maps discovered:
D:1:      dpeg_arrival_renting, layout_basic, serial_shops,
          nicolae_shop_behind_doors, serial_bayou_pond_e, minmay_surrounded
D:2:      layout_basic, serial_bayou_lake_a, uniq_sigmund
D:3:      layout_basic, ebering_ecumenical_altar_box, uniq_terence, uniq_ijyb
D:4:      layout_loops_corners
D:5:      layout_loops_cross, temple_pool_b, uniq_menkaure
Temple:   nicolae_temple_elliptical

Skill      XL: |  1  2  3  4  5  6  7 |
---------------+----------------------+-----
Fighting       | 1 2 3 |  3.9
Dodging        | 2 |  2.9
Stealth        | 2 |  2.9
Conjurations   | 5 6 |  6.4
Spellcasting   | 3 4 |  4.0
Short Blades   | 1 |  1.1

Action                   |  1- 3 |  4- 6 |  7- 9 || total
-------------------------+-------+-------+-------++-------
Melee: Dagger            |    12 |       |       ||    12
       Short sword       |    12 |     2 |     1 ||    15
       Tailslap          |     2 |       |       ||     2
Throw: Throwing net      |     1 |       |       ||     1
 Cast: Magic Dart        |    48 |    36 |    10 ||    94
       Searing Ray       |     2 |    20 |     6 ||    28
 Abil: Breathe Noxious F |       |       |     2 ||     2
  Use: Scroll            |       |       |     2 ||     2
Armor: Skin              |     6 |    10 |     2 ||    18
Dodge: Dodged            |    15 |     6 |     8 ||    29
